 Dungeon Crawl Stone Soup version 0.31.0-9-g3a7656b989 (webtiles) character file.

Game seed: 14034955261015366959

65 qw the Shooter (level 3, 0/18 HPs)
             Began as a Spriggan Hunter on Feb 2, 2024.
             Slain by a hobgoblin (2 damage)
             ... led by Robin
             ... on level 2 of the Dungeon.
             The game lasted 00:00:04 (1403 turns).

qw the Shooter (Spriggan Hunter)                    Turns: 1403, Time: 00:00:04

Health: 0/18       AC:  2    Str:  7    XL:     3   Next: 92%
Magic:  4/4        EV: 19    Int: 10    God:
Gold:   80         SH:  0    Dex: 20    Spells: 2/2 levels left

rFire   . . .        a - +0 shortbow
rCold   . . .        (shield currently unavailable)
rNeg    . . .        c - +0 robe
rPois   .            (helmet restricted)
rElec   .            (no cloak)
rCorr   .            (gloves unavailable)
SInv    +            (boots unavailable)
Will    .....        (no amulet)
Stlth   ++           (no ring)
HPRegen 0.23/turn    (no ring)
MPRegen 0.09/turn

%: no passive effects
@: very quick
A: very small, no large weapons, unfitting armour, see invisible, speed 3
a: no special abilities


You were on level 2 of the Dungeon.
You visited 1 branch of the dungeon, and saw 3 of its levels.

You collected 80 gold pieces.


Innate Abilities, Weirdness & Mutations

You are very small and have problems with some larger weapons.
You are too small for most types of armour.
You have supernaturally acute eyesight. (SInv)
You cover ground extremely quickly. (Speed+++)


   Skills:
 - Level 1.5 Fighting
 + Level 4.9 Ranged Weapons
 - Level 4.3 Dodging
 - Level 1.5 Stealth


You had 2 spell levels left.
You didn't know any spells.
Your spell library was empty.

Inventory:

Hand Weapons
 a - a +0 shortbow (weapon)
Armour
 c - a +0 robe (worn)
Potions
 d - a potion of enlightenment {unknown}
 f - a potion of degeneration {unknown}

Dungeon Overview and Level Annotations

Branches:
Dungeon (3/15)

Altars:


Message History

The goblin misses you. The hobgoblin barely misses you. The goblin misses you.
You shoot an arrow. The arrow barely misses the hobgoblin.
The goblin completely misses you. The hobgoblin hits you.
The goblin completely misses you.
You shoot an arrow. The arrow barely misses the hobgoblin.
The goblin hits you with a +0 club. The hobgoblin closely misses you.
The goblin closely misses you.
You shoot an arrow. The arrow hits the hobgoblin!
You kill the hobgoblin!
The goblin barely misses you. The goblin completely misses you.
You shoot an arrow. The arrow hits the goblin.
You kill the goblin!
The goblin hits you but does no damage.
You shoot an arrow. The arrow hits the goblin!
You kill the goblin!
You start resting.
HP restored.
You climb downwards.
Level annotation: Robin The goblin hits you but does no damage.
The hobgoblin completely misses you. The goblin closely misses you.
Robin closely misses you.
There is a stone staircase leading up here.
1399 ||| STAIRDANCE The goblin closely misses you.
The hobgoblin misses you. Robin misses you.
The goblin hits you with a +0 dagger.
You climb upwards.
There is a stone staircase leading down here.
You shoot an arrow. The arrow hits Robin.
Robin is lightly wounded.
The goblin barely misses you. The hobgoblin closely misses you.
The goblin misses you. Robin hits you with a +0 club.
You shoot an arrow. The arrow hits Robin!
Robin is severely wounded.
The goblin misses you. The hobgoblin hits you.
The goblin hits you with a +0 dagger.
You shoot an arrow. The arrow hits Robin!
You kill Robin!
The goblin completely misses you. The goblin hits you with a +0 dagger.
The hobgoblin hits you.
You die...

.#.#(.........#.# #....#
.#.#.####.#####.#######....#
##.#........#..............#
#.#####.##.#.#.###........#
#.# #.##.#...##.....##.##
#.#####.##.%###...##.#####
##.#...#.###.......#¤.~#
<#.#.#.#.# #####)).##¤##
.#.#.#...# #..g@..##.##
.#.#.##### ####gg.#~.~#
##.#.##### #...##.##
.........# #...##¤##
###......# #...#¤.~#
.........# ##.###.##
###).....# #.....# #..(...#
####### #......#


You could see a hobgoblin and 2 goblins.

Vanquished Creatures
  Robin (D:2)
  4 adders (D:2)
  A ribbon worm (D:2)
  2 endoplasms
  2 giant cockroaches (D:2)
  4 goblins (D:2)
  3 hobgoblins
  2 ball pythons
  5 bats
  A kobold (D:2)
  A rat (D:2)
26 creatures vanquished.

Notes
Turn   | Place    | Note
-------+----------+-------------------------------------------
     0 | D:1      | qw the Spriggan Hunter began the quest for the Orb.
     0 | D:1      | Reached XP level 1. HP: 10/10 MP: 2/2
     0 | D:1      | 0 ||| qw: Version: 0.3-a-155-g5e7d8dd
     0 | D:1      | 0 ||| qw: Game counter: 1274
     0 | D:1      | 0 ||| qw: Melee chars always use a shield: true
     0 | D:1      | 0 ||| qw: God list: Okawaru
     0 | D:1      | 0 ||| qw: Allow faded altars: false
     0 | D:1      | 0 ||| qw: Do Orc after clearing Dungeon:15 true
     0 | D:1      | 0 ||| qw: Do second Lair branch before Depths: true
     0 | D:1      | 0 ||| qw: Lair rune preference: random
     0 | D:1      | 0 ||| qw: Goals: Normal
     0 | D:1      | 0 ||| PLANNING D:1-11
    35 | D:1      | Found a faded altar of an unknown god.
   124 | D:1      | Reached skill level 3 in Dodging
   505 | D:1      | 505 ||| READING scroll labelled KUAVUW DIALORPH.
   606 | D:1      | 606 ||| DROPPING scroll of butterflies.
   654 | D:2      | Identified the +4 short sword "Ojuruxt" {drain, rPois rC+}
   676 | D:2      | Reached XP level 2. HP: 14/14 MP: 3/3
   776 | D:2      | Reached XP level 3. HP: 18/18 MP: 4/4
  1232 | D:2      | 1232 ||| READING scroll labelled VED HUDAVAA.
  1233 | D:2      | 1233 ||| READING 2 scrolls labelled DALLIU WEMOUN.
  1234 | D:2      | 1234 ||| READING scroll labelled ECHUGORORUSH.
  1235 | D:2      | 1235 ||| READING scroll labelled MIENAG ENISK.
  1235 | D:2      | 1235 ||| ENCHANTING +0 shortbow.
  1236 | D:2      | 1236 ||| READING scroll labelled IFEOR GUNK.
  1237 | D:2      | 1237 ||| DROPPING scroll of fear.
  1239 | D:2      | 1239 ||| Stepping ~*~*~tactically~*~*~ (cloud).
  1247 | D:2      | HP: 4/18 [poisoned by you (poison gas)]
  1331 | D:3      | Noticed Robin
  1332 | D:3      | 1332 ||| STAIRDANCE
  1336 | D:2      | HP: 4/18 [goblin/+0 club[Robin] (4)]
  1399 | D:3      | 1399 ||| STAIRDANCE
  1402 | D:2      | HP: 4/18 [goblin/+0 dagger[Robin] (4)]
  1403 | D:2      | Killed Robin
  1403 | D:2      | Slain by a hobgoblin

Levels and vault maps discovered:
D:1:      dpeg_arrival_tiny_a, layout_loops_ring, ebering_ecumenical_altar_mist
D:2:      layout_basic, amcnicky_mini_corridor_feature
D:3:      layout_rooms, uniq_robin

Skill      XL: |  1  2 |
---------------+-------+-----
Dodging        | 3 4 |  4.3
Fighting       | |  1.5
Ranged Weapons | |  4.9
Stealth        | |  1.5

Action                     || total
---------------------------++-------
   Fire: Shortbow          ||    83
    Use: Scroll            ||     6
 Armour: Robe              ||    29
  Dodge: Dodged            ||    56

Table legend:
 A = Non-vault XP
 B = Vault XP
 C = Vault XP percentage of total XP
 D = Non-vault monster count
 E = Vault monster count
 F = Vault count percentage of total count
                 A         B        C        D         E       F
            +---------+---------+-------+---------+---------+-------
      Total |      85 |      23 |  21.3 |      21 |       5 |  19.2
            +---------+---------+-------+---------+---------+-------
        D:1 |       9 |       0 |   0.0 |       6 |       0 |   0.0
        D:2 |      76 |      23 |  23.2 |      15 |       5 |  25.0
            +---------+---------+-------+---------+---------+-------
